 Dungeon Crawl Stone Soup version 0.18-a0-1789-gbeff17f (webtiles) character file.

899 Moloch the Basher (level 8, 0/79 HPs)
             Began as an Ogre Fighter on Apr 21, 2016.
             Slain by a centaur (7 damage)
             ... on level 6 of the Dungeon.
             The game lasted 00:10:34 (5258 turns).

Moloch the Basher (Ogre Fighter)                    Turns: 5258, Time: 00:10:34

Health: 0/79       AC:  3    Str: 24    XL:     8   Next: 7%
Magic:  8/8        EV:  8    Int:  7    God:
Gold:   278        SH:  8    Dex:  9    Spells: 0 memorised, 7 levels left

rFire  . . .     SeeInvis .     a - +1 flail
rCold  . . .     Gourm    +     n - +0 robe
rNeg   . . .     Faith    .     c - +0 shield
rPois  .         Spirit   .     (helmet restricted)
rElec  .         Dismiss  .     (no cloak)
rCorr  .         Reflect  .     (gloves unavailable)
SustAt .         Harm     .     (boots unavailable)
MR     .....                    h - amulet of the gourmand
Stlth  +.........               (no ring)
                                (no ring)

@: not resistant to hostile enchantments, very unstealthy
A: unfitting armour, tough skin 1
a: no special abilities


You were on level 6 of the Dungeon.
You were completely stuffed.

You visited 1 branch of the dungeon, and saw 6 of its levels.

You collected 278 gold pieces.

Inventory:

Hand Weapons
 a - a +1 flail (weapon)
 q - a +3 blowgun
 F - a +0 giant club
Missiles
 b - 8 poisoned needles
 g - 13 sling bullets
 l - 159 stones
 y - 4 tomahawks (quivered)
 D - 5 steel tomahawks
Armour
 c - a +0 shield (worn)
 n - a +0 robe (worn)
Jewellery
 h - an amulet of the gourmand (around neck)
 k - an uncursed ring of fire
Wands
 r - a wand of lightning (6/15)
 w - a wand of digging (11/24)
Scrolls
 t - 2 scrolls of enchant armour {unknown}
 u - a scroll of fear {unknown}
 E - a scroll of teleportation
Potions
 d - 2 potions of might
 e - a potion of brilliance {unknown}
 i - 2 potions of heal wounds {unknown}
 j - 2 potions of agility
 o - a potion of cancellation
 p - 2 potions of cure mutation
 s - a potion of curing
 x - a potion of mutation {unknown}
 B - a potion of degeneration {unknown}
 C - a potion of lignification {unknown}
Comestibles
 f - 4 bread rations
 m - 3 meat rations
 v - 6 chunks of flesh
 z - a beef jerky
 A - 2 fruits


   Skills:
 + Level 4.3 Fighting
 * Level 8.8 Maces & Flails
 * Level 5.8 Throwing
 - Level 2.6 Dodging
 - Level 2.6 Shields


You had 7 spell levels left.
You didn't know any spells.

Dungeon Overview and Level Annotations

Branches:
Dungeon (6/15)             Temple (0/1) D:6

Altars:
Kikubaaqudgha
Makhleb
Pakellas
Ru
Zin
The Shining One


Innate Abilities, Weirdness & Mutations

You are too large for most types of armour.
You have tough skin (AC +1).


Message History

You see here an arrow.
The centaur shoots an arrow.
The arrow hits you!
* * * LOW HITPOINT WARNING * * *
You see here an arrow.
The centaur shoots an arrow.
The arrow barely misses you.
Drink which item? (? for menu, Esc to quit)
You feel better.
The centaur shoots an arrow.
The arrow hits you.
* * * LOW HITPOINT WARNING * * *
The centaur unwields an uncursed shortbow.
The centaur hits you.
* * * LOW HITPOINT WARNING * * *
You thump the centaur!
The centaur is moderately wounded.
The centaur barely misses you.
You barely miss the centaur.
The centaur is moderately wounded.
The centaur hits you!
* * * LOW HITPOINT WARNING * * *
The centaur hits you!
You die...

,,* #........###.##.#*,,,,,,,,,,,
,,* #...............#***,,*******
,,* #........###..### *,,* ,,*
#........# **,#*****,,* ,,*
#........####,,,,,,,,,* ,,*
###.........##,,,,,,,,* *,*
######..(..#,,,,,,,,* *,****
#.(.(.#*,,,,,,,* *,,,,**
#....@#*,,,,,,,* *,**,,**
**#....c#*,,,,,,,*
*,,,,,,**#....(.....,,**,,*
*,,,,**,..##.........,**,,*
*,,,*,,*#*..#........,**,,*
**,*,,*,,.#?.#.......,,*,,*
**,*,*,***.#.#........,*,,*
***,*,*,,,*.*.#.######.*,,*******
***,*,*,>,*,*,*,* *,*,,**,,,,,


You could see a centaur.

Vanquished Creatures
  2 ogres
  2 centaurs
  A giant frog (D:3)
  2 crimson imps
  A quasit (D:5)
  2 hounds
  A giant frog skeleton (D:4)
  Terence (D:2)
  2 orc wizards
  3 worker ants
  7 adders
  2 adder skeletons
  3 worms
  A dart slug (D:2)
  2 giant geckos
  8 orcs
  6 giant cockroaches
  8 goblins
  7 hobgoblins
  14 jackals
  A ball python (D:6)
  A ball python skeleton (D:4)
  6 bats
  A giant cockroach zombie (D:6)
  4 giant newts
  A jackal zombie (D:6)
  7 kobolds
  9 rats
105 creatures vanquished.

Notes
Turn   | Place    | Note
--------------------------------------------------------------
     0 | D:1      | Moloch the Ogre Fighter began the quest for the Orb.
     0 | D:1      | Reached XP level 1. HP: 24/24 MP: 1/1
    38 | D:1      | Reached skill level 3 in Maces & Flails
   275 | D:1      | Reached XP level 2. HP: 26/32 MP: 2/2
   373 | D:1      | Reached skill level 4 in Maces & Flails
   860 | D:2      | Reached XP level 3. HP: 30/39 MP: 3/3
  1027 | D:2      | Reached skill level 1 in Throwing
  1216 | D:2      | Reached skill level 5 in Maces & Flails
  1216 | D:2      | Reached XP level 4. HP: 44/48 MP: 4/4
  1227 | D:2      | Noticed Terence
  1246 | D:2      | Killed Terence
  1348 | D:2      | Found an oddly glowing altar of Pakellas.
  1851 | D:3      | Found a glowing silver altar of Zin.
  1852 | D:3      | Found a sacrificial altar of Ru.
  1962 | D:3      | Noticed a giant frog
  1978 | D:3      | Killed a giant frog
  1978 | D:3      | Reached skill level 6 in Maces & Flails
  1978 | D:3      | Reached XP level 5. HP: 13/54 MP: 5/5
  2260 | D:3      | Found a glowing golden altar of the Shining One.
  2723 | D:2      | Found an ancient bone altar of Kikubaaqudgha.
  2853 | D:4      | Reached XP level 6. HP: 62/62 MP: 6/6
  2966 | D:4      | Found a burning altar of Makhleb.
  2994 | D:4      | Reached skill level 7 in Maces & Flails
  3102 | D:4      | Found an ancient bone altar of Kikubaaqudgha.
  3574 | D:5      | Entered Level 5 of the Dungeon
  4156 | D:5      | Reached XP level 7. HP: 66/70 MP: 7/7
  4735 | D:5      | Reached skill level 8 in Maces & Flails
  4915 | D:5      | Reached skill level 5 in Throwing
  5163 | D:6      | Reached XP level 8. HP: 23/79 MP: 8/8
  5258 | D:6      | Slain by a centaur

Vault maps used:
D:1:      dpeg_arrival_tiny_h, minmay_liquid_box
D:2:      lemuel_upstairs_altar, old_standard_altar, uniq_terence
D:3:      lemuel_doored_altar, gammafunk_temple_overflow_statue, first_bread
D:4:      makhleb_grotto_becter, old_standard_altar, grunt_decor_fettered,
          st_stairs_5
D:6:      minmay_temple_entry_steel_oval, enter_ossuary_3

Skill      XL: |  1  2  3  4  5  6  7 |
---------------+----------------------+-----
Maces & Flails | 3 4 5 6 7 8 |  8.8
Throwing       | 1 2 3 4 5 |  5.8
Fighting       | |  4.3
Dodging        | |  2.6
Shields        | |  2.6

Action                   |  1- 3 |  4- 6 |  7- 9 || total
-------------------------+-------+-------+-------++-------
Melee: Flail             |    72 |    88 |    81 ||   241
       Mace              |    45 |    74 |       ||   119
Throw: Tomahawk          |    10 |    43 |    24 ||    77
       Stone             |       |       |     1 ||     1
  Use: Scroll            |     2 |     6 |     1 ||     9
       Potion            |       |     2 |     1 ||     3
  Eat: Chunk             |     1 |    25 |     3 ||    29
Armor: Robe              |    48 |    23 |    20 ||    91
Dodge: Dodged            |    36 |    46 |    30 ||   112
Block: Shield            |    57 |    59 |    28 ||   144
